[Event "Late-Titled-Tuesday-Blitz-September-05-2023"]
[Site "Chess.com"]
[Date "2023.09.05"]
[Round "1"]
[White "KATPAH"]
[Black "Dr_crypt"]
[Result "1-0"]
[WhiteElo "2668"]
[BlackElo "2363"]
[TimeControl "180+1"]
[EndTime "14:01:39 PDT"]
[Termination "KATPAH won by resignation"]

1. e4 d5 2. exd5 Qxd5 3. c3 Qd6 4. d4 c6 5. Nf3 Bg4 6. Bc4 e6 7. h3 Bh5 8. O-O Nd7 9. Be2 Qc7 10. Bg5 Bd6 11.
Nbd2 Ngf6 12. Nc4 Bf4 13. Bxf4 Qxf4 14. Nfe5 Bxe2 15. Qxe2 Qe4 16. Nd6+ 1-0

[Event "Late-Titled-Tuesday-Blitz-September-05-2023"]
[Site "Chess.com"]
[Date "2023.09.05"]
[Round "1"]
[White "StellarChessPro"]
[Black "maurovargas01"]
[Result "1-0"]
[WhiteElo "2510"]
[BlackElo "1865"]
[TimeControl "180+1"]
[EndTime "14:02:17 PDT"]
[Termination "StellarChessPro won by checkmate"]

1. b4 e5 2. Bb2 f6 3. a3 b6 4. e3 Bb7 5. d4 exd4 6. Bxd4 Bd6 7. Nf3 Ne7 8. Nh4 O-O 9. Bd3 f5 10. Qh5 g6 11. Qh6 Rf7 12. Nc3 c6 13. Bc4 Nd5 14.
Nxg6 hxg6 15. Qh8# 1-0

[Event "Late-Titled-Tuesday-Blitz-September-05-2023"]
[Site "Chess.com"]
[Date "2023.09.05"]
[Round "1"]
[White "Sanan_Sjugirov"]
[Black "Evhen_Taranenko"]
[Result "1-0"]
[WhiteElo "2891"]
[BlackElo "2464"]
[TimeControl "180+1"]
[EndTime "14:02:56 PDT"]
[Termination "Sanan_Sjugirov won by resignation"]

1. Nf3 Nf6 2. e3 g6 3. d4 Bg7 4. b3 O-O 5. Bb2 d6 6. Be2 Nbd7 7. O-O e5 8. dxe5 Ng4 9. c4 Ngxe5 10. Nc3 Nxf3+ 11.
Bxf3 Ne5 12. Be2 c6 13. Qc2 Qc7 14. Rad1 Be6 15. Ne4 Bf5 16. f4 Nd7 17. Bxg7 Bxe4 18. Qxe4 Kxg7 19. Qd4+ Nf6 20. g4 c5 21. Qc3 1-0

[Event "Late-Titled-Tuesday-Blitz-September-05-2023"]
[Site "Chess.com"]
[Date "2023.09.05"]
[Round "1"]
[White "K_A_S_T_O_R"]
[Black "czasnaszachy"]
[Result "1/2-1/2"]
[WhiteElo "2949"]
[BlackElo "2498"]
[TimeControl "180+1"]
[EndTime "14:02:58 PDT"]
[Termination "Game drawn by repetition"]

1. e4 c5 2. Nf3 e6 3. d4 cxd4 4. Nxd4 Nc6 5. Nb5 d6 6. c4 Nf6 7. N1c3 a6 8. Na3 Be7 9. Be2 O-O 10. O-O b6 11. Be3 Bb7 12. Rc1 Ne5 13. f3 Rc8 14. Qd2 Qc7 15. Rfd1 Ned7 16. Kh1 Qb8 17. Bf1 Kh8 18.
Rc2 Rfd8 19. Qf2 Ba8 20. Rcd2 Rg8 21. Bf4 Ne5 22. Be3 Ned7 23. Na4 Nc5 24. Nc3 Ncd7 1/2-1/2

[Event "Late-Titled-Tuesday-Blitz-September-05-2023"]
[Site "Chess.com"]
[Date "2023.09.05"]
[Round "1"]
[White "pooh2012"]
[Black "Francisco_Ferrari"]
[Result "1-0"]
[WhiteElo "2526"]
[BlackElo "2119"]
[TimeControl "180+1"]
[EndTime "14:03:15 PDT"]
[Termination "pooh2012 won by resignation"]

1. d4 d5 2. Nc3 c6 3. Bf4 Nf6 4. e3 e6 5. g4 Bd6 6. g5 Bxf4 7. exf4 Nfd7 8. Nf3 a6 9. h4 c5 10.
Qd2 Nc6 11. f5 b5 12. fxe6 fxe6 13. Bh3 Qe7 14. O-O-O Na5 15. Nxd5 exd5 16. Rde1 Nc4 17. Rxe7+ Kxe7 18. Qe2+ Kd6 1-0

[Event "Late-Titled-Tuesday-Blitz-September-05-2023"]
[Site "Chess.com"]
[Date "2023.09.05"]
[Round "1"]
[White "Kombinator01"]
[Black "Bauman_Guy"]
[Result "0-1"]
[WhiteElo "2450"]
[BlackElo "2874"]
[TimeControl "180+1"]
[EndTime "14:03:21 PDT"]
[Termination "Bauman_Guy won by resignation"]

1. d4 Nf6 2. Bf4 b6 3. e3 Bb7 4. Nf3 g6 5. Nc3 Bg7 6. h4 d6 7. Qd2 Nbd7 8. O-O-O a6 9. Kb1 b5 10. Bd3 c5 11. dxc5 Nxc5 12. Rhe1 O-O 13. Bg5 b4 14. Ne2 Nfe4 15. Bxe4 Nxe4 16. Qxb4 Rb8 17. c3 Nxf2 18. Rd2 Bxf3 19. Qf4 Ne4 20. Rc2 Bxe2 21. Rexe2 Nxc3+ 0-1

[Event "Late-Titled-Tuesday-Blitz-September-05-2023"]
[Site "Chess.com"]
[Date "2023.09.05"]
[Round "1"]
[White "willyam13"]
[Black "nihalsarin"]
[Result "0-1"]
[WhiteElo "2504"]
[BlackElo "3143"]
[TimeControl "180+1"]
[EndTime "14:03:23 PDT"]
[Termination "nihalsarin won by resignation"]

1. e4 a6 2. d4 c6 3. Nc3 d5 4. h3 dxe4 5. Nxe4 Nf6 6. Nxf6+ exf6 7. Nf3 Bd6 8. Be3 O-O 9. Qd2 Re8 10. O-O-O b5 11.
Kb1 Be6 12. Bd3 Nd7 13. Bf4 Bf8 14. Rhe1 b4 15. g4 Qa5 16. b3 Nb6 17. Qc1 Nd5 18.
Bd2 Nc3+ 19. Bxc3 bxc3 20. g5 f5 21. Ne5 Rac8 22. Bc4 Bd5 23. Bxd5 cxd5 24. Nd3 Qb5 25. Rxe8 Rxe8 26. Re1 Re4 27. f3 Rxd4 28. Qe3 Rh4 29. Qa7 Rxh3 30. Ne5 Qe8 31. Qb7 Qxe5 0-1

[Event "Late-Titled-Tuesday-Blitz-September-05-2023"]
[Site "Chess.com"]
[Date "2023.09.05"]
[Round "1"]
[White "Machteld145"]
[Black "melissa_guez"]
[Result "1-0"]
[WhiteElo "2517"]
[BlackElo "2045"]
[TimeControl "180+1"]
[EndTime "14:03:39 PDT"]
[Termination "Machteld145 won by resignation"]

1. e4 c5 2. Nf3 e6 3. d4 cxd4 4. Nxd4 Nc6 5. Nc3 Qc7 6. a3 a6 7. Be3 Nf6 8. Be2 b5 9. O-O Bb7 10. f4 Nxd4 11. Qxd4 Be7 12. Rad1 O-O 13. Bf3 d6 14. g4 Rfd8 15. g5 Nd7 16. f5 Ne5 17. Bg2 exf5 18. exf5 f6 19. Nd5 fxg5 20. Nxc7 1-0

[Event "Late-Titled-Tuesday-Blitz-September-05-2023"]
[Site "Chess.com"]
[Date "2023.09.05"]
[Round "1"]
[White "platy3"]
[Black "Sinquefield"]
[Result "1-0"]
[WhiteElo "2915"]
[BlackElo "2470"]
[TimeControl "180+1"]
[EndTime "14:03:43 PDT"]
[Termination "platy3 won by resignation"]

1. e4 e6 2. d4 d5 3. Nd2 Nf6 4.
e5 Nfd7 5. Bd3 c5 6. c3 Nc6 7. Ne2 cxd4 8. cxd4 f6 9. exf6 Nxf6 10. Nf3 Bd6 11. O-O Qc7 12. Bg5 O-O 13. Bh4 Nh5 14.
Qc2 h6 15. Bh7+ Kh8 16. Bg6 Rxf3 17. Bxh5 Rf5 18. Bg4 Rf8 19. Bg3 e5 20. Bxc8 Raxc8 21. dxe5 Bxe5 22. Rad1 Qb6 23. Qd2 Bd6 24. Bxd6 1-0

[Event "Late-Titled-Tuesday-Blitz-September-05-2023"]
[Site "Chess.com"]
[Date "2023.09.05"]
[Round "1"]
[White "kleinebeer98"]
[Black "venturov"]
[Result "1-0"]
[WhiteElo "2842"]
[BlackElo "2443"]
[TimeControl "180+1"]
[EndTime "14:03:54 PDT"]
[Termination "kleinebeer98 won by resignation"]

1. e4 e5 2. Bc4 Nf6 3. d3 c6 4. Nf3 Qc7 5. Bb3 Bc5 6. O-O d6 7. c3 Bb6 8. h3 Be6 9. Nbd2 Nbd7 10. Qe2 h6 11. Bxe6 fxe6 12. Nc4 O-O-O 13. a4 Rhe8 14. a5 Bc5 15. b4 d5 16. Ncxe5 Bxf2+ 17. Qxf2 Nxe5 18. Nxe5 Qxe5 19. Bf4 Qxc3 20. Qxa7 e5 21.
a6 bxa6 22. Qxa6+ Kd7 23. Bg3 Qxb4 24. Qa7+ Ke6 25. Qxg7 Qf8 26. Qg6 Rd7 27. Qf5+ Kf7 28. Qxf6+ 1-0

[Event "Late-Titled-Tuesday-Blitz-September-05-2023"]
[Site "Chess.com"]
[Date "2023.09.05"]
[Round "1"]
[White "reevecanada"]
[Black "Verony64"]
[Result "0-1"]
[WhiteElo "2543"]
[BlackElo "2283"]
[TimeControl "180+1"]
[EndTime "14:03:55 PDT"]
[Termination "Verony64 won by checkmate"]

1. e4 e5 2. Nf3 d6 3. d4 Nd7 4. Bc4 c6 5. Nc3 Be7 6. O-O Ngf6 7. Be3 O-O 8. h3 Qc7 9. a3 b5 10. Bb3 a6 11. Qd2 Bb7 12. g3 c5 13. Bd5 cxd4 14. Nxd4 exd4 15. Bxd4 Bxd5 16. exd5 Ne5 17. Qf4 Nfd7 18. Kg2 Bf6 19. Ne4 Ng6 20. Nxf6+ Nxf6 21. Qf3 Nd7 22. c3 Nde5 23. Qe4 Rae8 24. f4 f5 25. Qc2 Nc4 26. Rae1 Re7 27. b3 Nxa3 28. Qb2 b4 29. c4 Rfe8 30. Rxe7 Qxe7 31. Rf2 Nf8 32. g4 fxg4 33. hxg4 Qh4 34. Bxg7 Qxg4+ 35. Kf1 Qxg7 36. Rg2 Ng6 37. Qf2 Qa1+ 38. Qe1 Qxe1# 0-1

[Event "Late-Titled-Tuesday-Blitz-September-05-2023"]
[Site "Chess.com"]
[Date "2023.09.05"]
[Round "1"]
[White "Gogolev_Artemy"]
[Black "NovakCabarkapa"]
[Result "0-1"]
[WhiteElo "2428"]
[BlackElo "2803"]
[TimeControl "180+1"]
[EndTime "14:04:02 PDT"]
[Termination "NovakCabarkapa won by resignation"]

1. d4 g6 2. Bf4 Bg7 3. e3 d6 4. h3 Nd7 5. Nf3 e5 6. Bh2 Nh6 7. Be2 O-O 8. O-O e4 9. Nfd2 f5 10. c4 Nf6 11. Nc3 g5 12. b4 g4 13. Bf4 Kh8 14.
c5 Nh5 15. Bxh6 Bxh6 16. hxg4 Nf6 17. cxd6 cxd6 18. g5 Bxg5 19. g3 Rg8 20. Kg2 d5 21.
Rc1 a6 22. Rh1 Qd6 23. Qb3 Bxe3 24. fxe3 Qxg3+ 25. Kf1 Qg2+ 26. Ke1 Qxh1+ 27. Nf1 Be6 28. Kd2 Qh6 0-1

[Event "Late-Titled-Tuesday-Blitz-September-05-2023"]
[Site "Chess.com"]
[Date "2023.09.05"]
[Round "1"]
[White "Doudou2015"]
[Black "AleksanderHnydiuk"]
[Result "0-1"]
[WhiteElo "2171"]
[BlackElo "2536"]
[TimeControl "180+1"]
[EndTime "14:04:06 PDT"]
[Termination "AleksanderHnydiuk won by resignation"]

1. b3 d5 2. Bb2 Bf5 3. e3 e6 4.
f4 Nf6 5. Nf3 Bd6 6. d3 c5 7.
Nbd2 Nc6 8. Be2 O-O 9. Nh4 Re8 10. Nxf5 exf5 11. Nf1 d4 12. exd4 Nxd4 13. Bxd4 cxd4 14.
Ng3 Qa5+ 15. Kf2 Bxf4 16. Re1 Be3+ 17. Kf1 f4 18. Ne4 Rxe4 19. dxe4 Nxe4 20. Bd3 Nd2+ 0-1

[Event "Late-Titled-Tuesday-Blitz-September-05-2023"]
[Site "Chess.com"]
[Date "2023.09.05"]
[Round "1"]
[White "PlotnikovPavel"]
[Black "dropstoneDP"]
[Result "0-1"]
[WhiteElo "2491"]
[BlackElo "3023"]
[TimeControl "180+1"]
[EndTime "14:04:24 PDT"]
[Termination "dropstoneDP won on time"]

1. e4 e5 2. Nf3 Nf6 3. Nxe5 d6 4.
Nf3 Nxe4 5. Nc3 Nxc3 6. dxc3 Be7 7. Bf4 O-O 8. Qd2 Nd7 9. O-O-O Re8 10. h4 Nf6 11. Ng5 h6 12. Bd3 d5 13. f3 c5 14.
g4 c4 15. Bf1 Qa5 16. Kb1 b5 17. a3 d4 18. Qxd4 Rd8 0-1

[Event "Late-Titled-Tuesday-Blitz-September-05-2023"]
[Site "Chess.com"]
[Date "2023.09.05"]
[Round "1"]
[White "CheckThis4"]
[Black "traack"]
[Result "1-0"]
[WhiteElo "2664"]
[BlackElo "2357"]
[TimeControl "180+1"]
[EndTime "14:04:26 PDT"]
[Termination "CheckThis4 won by resignation"]

1. e4 c5 2. Nf3 e6 3. b3 b6 4. d4 cxd4 5. Nxd4 Bb7 6. Bd3 Nc6 7. Nxc6 Bxc6 8. Bb2 Nf6 9. Nd2 d6 10. O-O Be7 11.
Qe2 O-O 12. Rad1 Rc8 13. c4 Qc7 14. f4 Rfe8 15. e5 Nd7 16. Nf3 Bxf3 17. Rxf3 g6 18. Bb1 Nf8 19. h4 dxe5 20. fxe5 Bc5+ 21. Kh2 Rcd8 22.
Rdf1 Bd4 23. Rxf7 Qxf7 24. Rxf7 Kxf7 25. Bxd4 Rxd4 26. Qf2+ 1-0

[Event "Late-Titled-Tuesday-Blitz-September-05-2023"]
[Site "Chess.com"]
[Date "2023.09.05"]
[Round "1"]
[White "Rumpel-VK"]
[Black "StarkyNZ"]
[Result "1-0"]
[WhiteElo "2559"]
[BlackElo "2235"]
[TimeControl "180+1"]
[EndTime "14:04:27 PDT"]
[Termination "Rumpel-VK won by checkmate"]

1. e4 e6 2. d4 d5 3. exd5 exd5 4. Nf3 Bd6 5. c4 c6 6. Nc3 Ne7 7. h3 h6 8. Bd3 dxc4 9. Bxc4 Nd7 10. O-O Nb6 11.
Bb3 O-O 12. Ne5 Bf5 13. Qh5 Bxe5 14. dxe5 Bg6 15. Qg4 Nbd5 16. Nxd5 Nxd5 17. e6 Re8 18. exf7+ Kxf7 19. f4 h5 20. Qg3 Be4 21. f5 Qf6 22. Bg5 Qd4+ 23. Kh1 Qxb2 24. Rae1 Kf8 25. f6 Nxf6 26. Rxf6+ gxf6 27. Bh6+ Ke7 28. Qc7# 1-0

[Event "Late-Titled-Tuesday-Blitz-September-05-2023"]
[Site "Chess.com"]
[Date "2023.09.05"]
[Round "1"]
[White "crazy_but_lazy"]
[Black "PedroGil25"]
[Result "0-1"]
[WhiteElo "2593"]
[BlackElo "2330"]
[TimeControl "180+1"]
[EndTime "14:04:36 PDT"]
[Termination "PedroGil25 won by checkmate"]

1. Nf3 c5 2. c4 Nc6 3. e3 Nf6 4. d4 cxd4 5. exd4 d5 6. Nc3 g6 7. cxd5 Nxd5 8. Bc4 Nxc3 9. Qb3 e6 10.
bxc3 Bg7 11. Ba3 Bf8 12. O-O Bxa3 13. Qxa3 Qa5 14. Qb3 O-O 15. Rfe1 Qc7 16. h4 Na5 17. Qd1 Nxc4 18. h5 Bd7 19. Rb1 b6 20. Ng5 Qf4 21.
Ne4 Rac8 22. Qd3 Bc6 23. Ng3 Bd5 24. Re2 Rfd8 25. Rbe1 Qf6 26. hxg6 hxg6 27. Qb1 Kg7 28. f3 Rh8 29. Kf2 Nd6 30. Qb4 Nf5 31. Ne4 Qh4+ 32.
g3 Qh2+ 33. Kf1 Qh1+ 34. Kf2 Rh2# 0-1

[Event "Late-Titled-Tuesday-Blitz-September-05-2023"]
[Site "Chess.com"]
[Date "2023.09.05"]
[Round "1"]
[White "Alexei_Gubajdullin"]
[Black "acertijo08"]
[Result "1-0"]
[WhiteElo "2581"]
[BlackElo "2290"]
[TimeControl "180+1"]
[EndTime "14:04:37 PDT"]
[Termination "Alexei_Gubajdullin won by resignation"]

1. d4 Nf6 2. Nf3 e6 3. Bf4 d5 4. e3 c5 5. Nbd2 Nc6 6. c3 Bd6 7. Bg3 O-O 8. Bd3 b6 9. Ne5 Bb7 10. f4 Ne7 11. Qf3 Nf5 12. Bf2 Be7 13. Qh3 Nd6 14.
g4 Nfe4 15. g5 Rc8 16. Rg1 cxd4 17. exd4 Nf5 18. Qf3 Nxd2 19. Kxd2 Nd6 20. Qh5 Ne4+ 21. Bxe4 dxe4 22. Rg3 e3+ 23. Bxe3 Be4 24. Rh3 Bf5 25. g6 h6 26. gxf7+ Kh7 27. Rg1 Bf6 28. Ng4 Bxg4 29. Rxg4 Rc5 30. Qg6+ Kh8 31. Rxh6+ 1-0

[Event "Late-Titled-Tuesday-Blitz-September-05-2023"]
[Site "Chess.com"]
[Date "2023.09.05"]
[Round "1"]
[White "Rud_Makarian"]
[Black "eCztery"]
[Result "1-0"]
[WhiteElo "2948"]
[BlackElo "2482"]
[TimeControl "180+1"]
[EndTime "14:04:39 PDT"]
[Termination "Rud_Makarian won by checkmate"]

1. d4 c5 2. d5 g6 3. c4 Bg7 4.
Nc3 d6 5. e4 Nf6 6. Nf3 O-O 7.
h3 a6 8. Bd3 e6 9. O-O exd5 10.
exd5 Nbd7 11. Bf4 Qc7 12. Qd2 Nh5 13. Bh2 Re8 14. Rfe1 Rxe1+ 15. Rxe1 Nf8 16. g4 Nf6 17.
Qf4 N6d7 18. Qxd6 Qa5 19. Re8 b5 20. Ne5 Nxe5 21. Bxe5 Bb7 22. Rxa8 Bxa8 23. Bxg7 Kxg7 24. Qe5+ Kg8 25. Ne4 Nd7 26. Qe8+ Nf8 27. Nf6+ Kg7 28. Qe5 bxc4 29. Ne8+ Kh6 30. g5+ Kh5 31. Ng7+ Kh4 32.
Qg3# 1-0

[Event "Late-Titled-Tuesday-Blitz-September-05-2023"]
[Site "Chess.com"]
[Date "2023.09.05"]
[Round "1"]
[White "ContrVersia"]
[Black "cthulhuuu"]
[Result "1-0"]
[WhiteElo "2909"]
[BlackElo "2465"]
[TimeControl "180+1"]
[EndTime "14:04:55 PDT"]
[Termination "ContrVersia won by resignation"]

1. Nf3 Nf6 2. c4 g6 3. g3 Bg7 4.
Bg2 O-O 5. O-O d6 6. d4 c5 7.
dxc5 dxc5 8. Ne5 Qb6 9. Nc3 Nc6 10. Nxc6 bxc6 11. Na4 Qb4 12. b3 Bf5 13. Bd2 Qa3 14.
Qc1 Qxc1 15. Raxc1 Ne4 16. Be3 h5 17. Nxc5 Nxc5 18.
Bxc5 Rfe8 19. Bxc6 Rac8 20. Bxe8 Rxc5 21. Ba4 h4 22.
Rfd1 hxg3 23. Rd8+ Kh7 24. hxg3 Bh6 25. Rcd1 Be4 26.
f3 Bc2 27. R1d5 1-0

[Event "Late-Titled-Tuesday-Blitz-September-05-2023"]
[Site "Chess.com"]
[Date "2023.09.05"]
[Round "1"]
[White "thechessnoob12345"]
[Black "only_strong_moves"]
[Result "0-1"]
[WhiteElo "2084"]
[BlackElo "2525"]
[TimeControl "180+1"]
[EndTime "14:04:55 PDT"]
[Termination "only_strong_moves won by resignation"]

1. d4 Nf6 2. c4 e6 3. Nc3 d5 4. cxd5 exd5 5. Bg5 c6 6. Qc2 Bd6 7. e3 O-O 8. Bd3 h6 9. Bh4 a5 10. Nge2 Na6 11. a3 Nc7 12. O-O Ne6 13. f3 Ng5 14.
Bf5 Bxf5 15. Qxf5 g6 16. Qd3 Re8 17. Bxg5 hxg5 18. e4 Nh5 19. e5 Bf8 20. g4 Ng7 21. Ng3 Qb6 22. Rab1 Rxe5 23. Na4 Qa7 24. Rfe1 Bd6 25.
Rxe5 Bxe5 26. Nc5 Bd6 27. b4 axb4 28. axb4 Re8 29. b5 Bxc5 30. dxc5 Qxc5+ 31. Kg2 Ne6 32. bxc6 Nf4+ 0-1

[Event "Late-Titled-Tuesday-Blitz-September-05-2023"]
[Site "Chess.com"]
[Date "2023.09.05"]
[Round "1"]
[White "Polish_fighter3000"]
[Black "simplerXiao"]
[Result "1-0"]
[WhiteElo "3083"]
[BlackElo "2502"]
[TimeControl "180+1"]
[EndTime "14:04:57 PDT"]
[Termination "Polish_fighter3000 won by resignation"]

1. e4 e5 2. Nc3 Nc6 3. g3 Bc5 4.
Bg2 Nf6 5. d3 O-O 6. Nge2 d6 7.
Na4 Bb6 8. Nxb6 axb6 9. c4 Nd4 10.
Nxd4 exd4 11. O-O Bd7 12. Bg5 h6 13. Bxf6 Qxf6 14. a4 Rfe8 15. b3 Qg6 16. Qd2 Ra5 17.
f4 Rea8 18. Rae1 Qh5 19. Qb2 Bh3 20. Qxd4 Bxg2 21. Kxg2 Qc5 22. Qc3 Qc6 23. d4 Rh5 24. f5 Re8 25. Rf4 Qd7 26. Qf3 Rg5 27. h4 1-0

[Event "Late-Titled-Tuesday-Blitz-September-05-2023"]
[Site "Chess.com"]
[Date "2023.09.05"]
[Round "1"]
[White "Sajkochess"]
[Black "Druid24"]
[Result "1-0"]
[WhiteElo "2396"]
[BlackElo "2672"]
[TimeControl "180+1"]
[EndTime "14:04:58 PDT"]
[Termination "Sajkochess won by resignation"]

1. e4 e5 2. Nf3 Qe7 3. Nc3 c6 4. d4 d6 5. dxe5 dxe5 6. Bc4 Bg4 7. h3 Bh5 8. Qe2 Nf6 9. Bg5 Nbd7 10. O-O-O h6 11.
Bh4 g5 12. Bg3 Bg7 13. Qe3 Bg6 14. h4 g4 15. h5 Nxh5 16. Nh4 Bh7 17. Nf5 Bxf5 18.
exf5 Nxg3 19. Qxg3 h5 20. Ne4 Bh6+ 21. Kb1 Bf4 22.
Qb3 Nc5 23. Bxf7+ Qxf7 24. Nd6+ 1-0

[Event "Late-Titled-Tuesday-Blitz-September-05-2023"]
[Site "Chess.com"]
[Date "2023.09.05"]
[Round "1"]
[White "Grossboss19"]
[Black "Bigfish1995"]
[Result "0-1"]
[WhiteElo "2499"]
[BlackElo "3078"]
[TimeControl "180+1"]
[EndTime "14:05:01 PDT"]
[Termination "Bigfish1995 won by resignation"]

1. d4 a6 2. Nf3 b5 3. a4 Bb7 4. axb5 axb5 5. Rxa8 Bxa8 6. e3 b4 7. Bd3 Nf6 8. O-O e6 9. c4 bxc3 10. bxc3 c5 11. Nbd2 Be7 12. e4 O-O 13. e5 Nd5 14. Ne4 cxd4 15. cxd4 Nc6 16. Qe2 Qb6 17. Rd1 h6 18.
Ng3 Nc3 19. Qc2 Nxd1 20. Qxd1 Nb4 21. Bb1 Rc8 22. Nh5 Bxf3 23. gxf3 Nd5 24. Bd2 Qxd4 25. Nxg7 Bg5 26. f4 Nxf4 27. h4 Qd5 28. Qf1 Qxd2 29.
hxg5 Rc1 0-1

[Event "Late-Titled-Tuesday-Blitz-September-05-2023"]
[Site "Chess.com"]
[Date "2023.09.05"]
[Round "1"]
[White "JaloliddinIlkhomi"]
[Black "hammahamma"]
[Result "1-0"]
[WhiteElo "2578"]
[BlackElo "2281"]
[TimeControl "180+1"]
[EndTime "14:05:06 PDT"]
[Termination "JaloliddinIlkhomi won on time"]

1. Nf3 Nf6 2. d4 d5 3. Bf4 e6 4.
e3 Bd6 5. Bg3 O-O 6. Nbd2 c5 7.
c3 Nc6 8. Bd3 Ne7 9. Ne5 Nf5 10.
Qf3 cxd4 11. exd4 Be7 12. O-O Nd6 13. Bh4 Nfe4 14. Bxe7 Qxe7 15. Nxe4 Nxe4 16. Bxe4 dxe4 17. Qxe4 Rb8 18. Rae1 Qc7 19. f4 b6 20. Qc6 Qd8 21.
Qa4 Bb7 22. f5 Qg5 23. Rf2 exf5 24. Nd7 Rbe8 25. Rxe8 Rxe8 26. Nf6+ gxf6 27. Qxe8+ Kg7 28. Qe1 Bd5 29. b3 b5 30. c4 bxc4 31. bxc4 Bxc4 32. Rf3 f4 33. Qe4 1-0

[Event "Late-Titled-Tuesday-Blitz-September-05-2023"]
[Site "Chess.com"]
[Date "2023.09.05"]
[Round "1"]
[White "wadsy27"]
[Black "MajorCoast"]
[Result "1-0"]
[WhiteElo "2598"]
[BlackElo "2298"]
[TimeControl "180+1"]
[EndTime "14:05:07 PDT"]
[Termination "wadsy27 won by resignation"]

1. c4 e6 2. g3 d5 3. Bg2 Nf6 4. Nf3 Be7 5. O-O O-O 6. b3 d4 7.
d3 c5 8. e4 Nc6 9. e5 Nd7 10.
Re1 Qc7 11. Bf4 h6 12. h4 a5 13. a4 Nb4 14. Na3 Rd8 15. Nb5 Qb6 16. Qd2 Nf8 17. Rad1 Ng6 18. Bxh6 gxh6 19. Qxh6 Bf8 20. Qh5 Bd7 21. Ng5 Bg7 22. Nxf7 Kxf7 23. Nd6+ Kg8 24. Qxg6 Be8 25. Qxe6+ Kh8 26. Nf7+ Bxf7 27. Qxb6 1-0

[Event "Late-Titled-Tuesday-Blitz-September-05-2023"]
[Site "Chess.com"]
[Date "2023.09.05"]
[Round "1"]
[White "tgpgoat"]
[Black "Firouzja2003"]
[Result "0-1"]
[WhiteElo "2505"]
[BlackElo "3116"]
[TimeControl "180+1"]
[EndTime "14:05:08 PDT"]
[Termination "Firouzja2003 won by resignation"]

1. Nf3 Nf6 2. b3 g6 3. Bb2 Bg7 4. e3 O-O 5. Be2 d6 6. O-O e5 7. d3 Nh5 8. c4 e4 9. Bxg7 exf3 10. Bxf8 fxe2 11. Qxe2 Qxf8 12. Nc3 c6 13. d4 Qe7 14. Rad1 Nd7 15. e4 Ndf6 16. Rfe1 Be6 17. d5 Bd7 18. c5 dxc5 19. d6 Qe5 20. g3 Qxc3 21. Rd3 Qb4 22. f4 Re8 23. e5 Nd5 24. Qd2 Qxd2 25.
Rxd2 Ng7 26. Rc1 g5 0-1

[Event "Late-Titled-Tuesday-Blitz-September-05-2023"]
[Site "Chess.com"]
[Date "2023.09.05"]
[Round "1"]
[White "semchik73"]
[Black "cassoulet"]
[Result "0-1"]
[WhiteElo "2414"]
[BlackElo "2759"]
[TimeControl "180+1"]
[EndTime "14:05:14 PDT"]
[Termination "cassoulet won by checkmate"]

1. Nf3 Nf6 2. c4 g6 3. d4 Bg7 4.
Nc3 d5 5. Qb3 dxc4 6. Qxc4 O-O 7. e4 a6 8. Be2 b5 9. Qb3 Bb7 10. e5 Nd5 11. O-O e6 12. Bg5 Qe8 13. Ne4 Nd7 14.
Rac1 Rc8 15. Nc5 Nxc5 16. Rxc5 Qd7 17. Rfc1 Rfe8 18. a4 c6 19. axb5 cxb5 20. Bd2 Bf8 21. Rxc8 Rxc8 22. Rxc8 Qxc8 23. Ng5 Nb6 24. Bf3 Nc4 25.
Bf4 Bh6 26. Bxb7 Qxb7 27. Nxe6 Qe4 28. g3 Bxf4 29. Nxf4 Nd2 30. Qe3 Qb1+ 31. Kg2 Qf1# 0-1

[Event "Late-Titled-Tuesday-Blitz-September-05-2023"]
[Site "Chess.com"]
[Date "2023.09.05"]
[Round "1"]
[White "ChEsper99"]
[Black "PabloZarnicki"]
[Result "0-1"]
[WhiteElo "2149"]
[BlackElo "2533"]
[TimeControl "180+1"]
[EndTime "14:05:16 PDT"]
[Termination "PabloZarnicki won by resignation"]

1. e4 e6 2. d4 d5 3. Nd2 Nc6 4. Ngf3 Nf6 5. e5 Nd7 6. c3 f6 7. exf6 Qxf6 8. Bd3 Bd6 9. O-O O-O 10. Re1 e5 11. dxe5 Ndxe5 12. Be2 Bg4 13. h3 Bh5 14. Rf1 Rae8 15. Re1 Kh8 16. a4 Nxf3+ 17. Bxf3 Ne5 18.
Bxh5 Qxf2+ 19. Kh1 Qg3 20. Nf3 Nxf3 0-1

[Event "Late-Titled-Tuesday-Blitz-September-05-2023"]
[Site "Chess.com"]
[Date "2023.09.05"]
[Round "1"]
[White "DvaHrasta"]
[Black "FabianoCaruana"]
[Result "0-1"]
[WhiteElo "2497"]
[BlackElo "3064"]
[TimeControl "180+1"]
[EndTime "14:05:18 PDT"]
[Termination "FabianoCaruana won on time"]

1. c4 e6 2. g3 d5 3. Bg2 dxc4 4. Nf3 c6 5. O-O b5 6. a4 Bb7 7. b3 cxb3 8. Qxb3 a6 9. Bb2 Nf6 10. d4 Be7 11. Nbd2 Nbd7 12. e4 O-O 13. Rfd1 Rb8 14. a5 c5 15. Ng5 c4 16. Qc2 h6 17.
Nh3 Rc8 18. e5 Bxg2 19. Kxg2 Nd5 20. Ne4 b4 21. Nf4 b3 22. Qe2 Nxf4+ 23. gxf4 f5 24.
Nd6 Bxd6 25. exd6 c3 26. Qxe6+ Kh7 27. Qxb3 cxb2 28. Qxb2 Rf6 29. Rdc1 Rxc1 30. Rxc1 Rg6+ 31. Kf1 Qa8 0-1

[Event "Late-Titled-Tuesday-Blitz-September-05-2023"]
[Site "Chess.com"]
[Date "2023.09.05"]
[Round "1"]
[White "penguingm1"]
[Black "Ducke13"]
[Result "0-1"]
[WhiteElo "2853"]
[BlackElo "2463"]
[TimeControl "180+1"]
[EndTime "14:05:20 PDT"]
[Termination "Ducke13 won on time"]

1. d4 Nf6 2. c4 g6 3. f3 Bg7 4. e4 d6 5. Nc3 O-O 6. Nge2 Nc6 7. Be3 a6 8. Qd2 Na5 9. Nf4 b5 10. h4 h5 11. g4 Bxg4 12. fxg4 Nxg4 13. Be2 Nxc4 14. Bxc4 bxc4 15. O-O-O c6 16. Rdg1 Qa5 17. Rxg4 hxg4 18. h5 e5 19. Nfe2 exd4 0-1

[Event "Late-Titled-Tuesday-Blitz-September-05-2023"]
[Site "Chess.com"]
[Date "2023.09.05"]
[Round "1"]
[White "DenishevM"]
[Black "allvim"]
[Result "1-0"]
[WhiteElo "2630"]
[BlackElo "2325"]
[TimeControl "180+1"]
[EndTime "14:05:20 PDT"]
[Termination "DenishevM won by resignation"]

1. d4 Nf6 2. c4 e6 3. Nf3 b6 4.
Nc3 Bb4 5. Bg5 Bb7 6. e3 h6 7.
Bh4 d6 8. Qc2 Nbd7 9. Bd3 O-O 10. O-O Bxc3 11. bxc3 Qe8 12. e4 e5 13. Rae1 Nh5 14.
Bg3 Nxg3 15. fxg3 Kh8 16. Nh4 g6 17. Rf2 c5 18. d5 Qe7 19. Ref1 Kg7 20. Be2 Bc8 21.
Bg4 Rb8 22. Rf3 a6 23. Qf2 f6 24. Be6 b5 25. cxb5 axb5 26. Bf5 g5 27. Ng6 Qf7 28. Nxf8 Qxf8 29. Bxd7 Bxd7 30. Rxf6 1-0